[Event "6th NTCC Final 2080"]
[Site "Lalitpur"]
[Date "2024.01.12"]
[Round "1.1"]
[White "Jaiswal, Rupesh"]
[Black "Thapa, Krishna"]
[Result "1/2-1/2"]
[ECO "B40"]
[WhiteElo "2009"]
[BlackElo "1944"]
[Annotator "TA"]
[PlyCount "67"]
[EventDate "2024.01.03"]
[EventType "k.o."]
[EventCountry "NEP"]
[SourceTitle "playchess.com"]
[Source "ChessBase"]
[SourceQuality "1"]
[TimeControl "5400+30"]

1. e4 c5 2. Nf3 e6 3. g3 Nc6 4. Bg2 d5 5. exd5 exd5 6. d4 Bg4 7. O-O cxd4 8. Nbd2 Nf6 9. Nb3 Be7 10. h3 Bxf3 11. Bxf3 Qb6 12. a4 a5 13. Bg5 {[%emt 0:18:44][%mdl 1024] White has compensation.} Rd8 14. Qe2 O-O 15. Qb5 Qc7 16. Bf4 {[%emt 0:07:00] This pair of bishops is nice.} Bd6 17. Bxd6 Rxd6 18. Bg2 Re8 19. Rad1 Rde6 20. Nxd4 Nxd4 21. Rxd4 Qxc2 22. Bxd5 Nxd5 23. Rxd5 R6e7 24. Qc5 Qxc5 25. b3 $4 {[%emt 0:00:02][%mdl 8192] [#]} (25. Rxc5 $11 Re5 26. Rfc1) 25... b6 $1 26. Rxc5 $19 {[%emt 0:00:38][%mdl 4096] Endgame. KRR-KRR} Re6 $2 (26... bxc5 $19 27. Kg2 Re1 28. Rxe1 Rxe1) 27. Rb5 $11 {[%emt 0:00:17] The position is equal.} Rd8 28. Kg2 Rc8 29. Rd1 g6 30. Rd3 Kg7 31. Rf3 Rcc6 32. b4 axb4 33. Rxb4 Rc2 34. Rbf4 {[%emt 0:00:25] Weighted Error Value: White=0.25 (precise) /Black=0.47.  Loses game:     	White=1     	---        Mistake:       	---       	Black=1      Inaccurate:     	White=2     	Black=2      OK:         	White=9     	Black=12     Best:        	White=1     	Black=1} 1/2-1/2

[Event "6th NTCC Final 2080"]
[Site "Lalitpur"]
[Date "2024.01.12"]
[Round "1.2"]
[White "Das, Singhesor"]
[Black "Dahal, Sushrut"]
[Result "1-0"]
[ECO "B43"]
[WhiteElo "1873"]
[BlackElo "1895"]
[Annotator "NA RC COMBH"]
[PlyCount "149"]
[EventDate "2024.01.03"]
[EventType "k.o."]
[EventCountry "NEP"]
[SourceTitle "playchess.com"]
[Source "ChessBase"]
[SourceQuality "1"]
[TimeControl "5400+30"]

1. e4 c5 2. Nf3 e6 3. d4 cxd4 4. Nxd4 a6 5. Be2 Nf6 6. Nc3 Qc7 7. a3 Be7 8. O-O O-O 9. h3 d6 10. Be3 Nbd7 11. Bd3 Ne5 12. Nde2 b5 13. Ng3 Bb7 14. Qe2 Rac8 15. f4 $17 (15. Bd4 $15) 15... Nc4 16. Bxc4 Qxc4 17. Qd3 Nd7 18. Rad1 Qc6 19. Bd4 Qc4 20. f5 Qxd3 21. cxd3 Bf6 22. Bxf6 Nxf6 23. d4 Nd7 24. d5 e5 25. Rc1 Nc5 26. Rf3 Nb3 27. Rd1 Na5 28. Rf2 Nc4 29. Na2 a5 30. Rc1 f6 31. Rfc2 g6 32. a4 Ba6 33. axb5 Bxb5 34. Nc3 Bd7 35. Nd1 Nb6 36. Kf2 Rxc2+ 37. Rxc2 Rc8 38. Rxc8+ Bxc8 39. fxg6 hxg6 40. Ke3 f5 41. Kf2 Kf7 42. b3 Kf6 43. Nc3 Ba6 44. Nf1 Nd7 45. Nd2 Nc5 46. g4 fxg4 47. hxg4 Bd3 48. Ke3 Ke7 49. Na4 Bb5 50. Nxc5 dxc5 51. g5 Kd8 52. Nf3 c4 53. bxc4 Bxc4 54. Nxe5 Bb5 55. Kd2 Kc7 56. Nxg6 Kd6 57. Nf8 Be8 58. g6 Ke7 59. g7 Kf7 60. Ne6 Bd7 61. Nc5 Bb5 62. Nb7 Kxg7 63. Nxa5 Kf6 64. Ke3 Ke5 65. Nb3 Be8 66. Nd2 Bb5 67. Nf3+ Kd6 68. Kd4 Ba4 69. e5+ Kd7 70. Kc5 Bb3 71. Nd4 Ba2 72. e6+ Ke8 73. Kd6 Bb1 74. Kc7 Ba2 75. d6 1-0

[Event "6th NTCC Final 2080"]
[Site "Lalitpur"]
[Date "2024.01.12"]
[Round "1.4"]
[White "Gautam, Anushna"]
[Black "Lohani, Sujana"]
[Result "0-1"]
[ECO "B06"]
[WhiteElo "1400"]
[BlackElo "1756"]
[Annotator "NA RC COMBH"]
[PlyCount "64"]
[EventDate "2024.01.03"]
[EventType "k.o."]
[EventCountry "NEP"]
[SourceTitle "playchess.com"]
[Source "ChessBase"]
[SourceQuality "1"]
[TimeControl "5400+30"]

1. e4 g6 2. d4 Bg7 3. Nc3 d6 4. Be3 a6 5. f3 b5 6. Qd2 Nd7 7. a4 b4 8. Nd5 c5 9. a5 e6 10. Nf4 cxd4 11. Bf2 Rb8 12. Nd3 Qc7 13. Nxb4 e5 14. Nxa6 Bxa6 15. Bxa6 Rxb2 16. Bd3 Bh6 17. Qd1 Qc3+ 18. Kf1 Ne7 19. Ne2 Qc7 20. Nxd4 O-O 21. Nb5 Qc6 22. c4 Nc5 23. Bxc5 Qxc5 24. Be2 Bd2 25. Rb1 Ra2 26. a6 Nc6 27. Ra1 Rxa1 28. Qxa1 Ba5 29. Qd1 Bb6 30. Qe1 Ra8 31. g4 Rxa6 32. h4 Ra1 0-1

[Event "6th NTCC Final 2080"]
[Site "Lalitpur"]
[Date "2024.01.12"]
[Round "1.5"]
[White "Adhikari, Kritisara"]
[Black "Shah, Abheek"]
[Result "0-1"]
[ECO "A48"]
[WhiteElo "1527"]
[BlackElo "1543"]
[Annotator "NA RC COMBH"]
[PlyCount "128"]
[EventDate "2024.01.03"]
[EventType "k.o."]
[EventCountry "NEP"]
[SourceTitle "playchess.com"]
[Source "ChessBase"]
[SourceQuality "1"]
[TimeControl "5400+30"]

1. d4 Nf6 2. Bf4 g6 3. e3 Bg7 4. Nf3 O-O 5. Be2 c5 6. c3 b6 7. h3 Bb7 8. Nbd2 Nc6 9. O-O d5 10. Ne5 Nd7 11. Ndf3 Ndxe5 12. dxe5 e6 13. Bb5 Ne7 14. Bh2 Rc8 15. Qe2 Rc7 16. Rfd1 Qa8 17. Ne1 Rd8 18. f4 a6 19. Ba4 Bf8 20. g4 b5 21. Bc2 Nc6 22. Bg3 Be7 23. g5 d4 24. Bf2 dxc3 25. bxc3 Rcd7 26. h4 Na5 27. h5 Nc4 28. Rxd7 Rxd7 29. Rd1 Qd8 30. Rxd7 Qxd7 31. hxg6 hxg6 32. Bg3 Qd5 33. Kf2 Nb6 34. Bb3 Qd7 35. Bc2 a5 36. Qd3 Qxd3 37. Bxd3 c4 38. Bc2 Bc5 39. Nf3 Bxf3 40. Kxf3 Nd5 41. Kf2 Nb6 42. Kf3 Nd5 43. e4 Nxc3 44. Be1 Nxa2 45. Bxa5 b4 46. Ke2 Nc3+ 47. Kd2 Kf8 48. Kc1 Ke8 49. Kb2 Kd7 50. f5 Kc6 51. fxg6 fxg6 52. Bd8 Kb5 53. Bc7 Bd4 54. Kc1 Be3+ 55. Kb2 Bxg5 56. Bd6 Bf4 57. Bc7 g5 58. Bd6 g4 59. Bc7 g3 60. Bb8 Be3 61. Bc7 g2 62. Bd6 g1=Q 63. Bxb4 Kxb4 64. Bd3 Qc1# 0-1

[Event "6th NTCC Final 2080"]
[Site "Lalitpur"]
[Date "2024.01.12"]
[Round "1.6"]
[White "Duwal, Swornim"]
[Black "Dahal, Mission"]
[Result "1/2-1/2"]
[ECO "E70"]
[WhiteElo "1390"]
[BlackElo "1704"]
[Annotator "NA RC COMBH"]
[PlyCount "93"]
[EventDate "2024.01.03"]
[EventType "k.o."]
[EventCountry "NEP"]
[SourceTitle "playchess.com"]
[Source "ChessBase"]
[SourceQuality "1"]
[TimeControl "5400+30"]

1. d4 Nf6 2. c4 g6 3. Nc3 Bg7 4. e4 d6 5. Bg5 O-O 6. Qd2 c5 7. d5 Na6 8. Bd3 Nc7 9. f4 h6 10. Bxf6 Bxf6 11. Nf3 Bg4 12. O-O Bxf3 13. Rxf3 e6 14. Re1 exd5 15. exd5 Bd4+ 16. Kh1 f5 17. Ne2 Bg7 18. Ng3 a6 19. Rfe3 b5 20. b3 bxc4 21. Bxc4 Bf6 22. Ne2 Qd7 23. Ng1 Rae8 24. Rxe8 Rxe8 25. Rxe8+ Qxe8 26. Qe2 Qxe2 27. Nxe2 Kf7 28. Kg1 Ke7 29. Kf2 Kd7 30. Ke3 Ke7 31. Kd3 Kd7 32. Ke3 a5 33. a4 Ke7 34. h3 h5 35. Kf3 h4 36. g4 hxg3 37. Kxg3 Kf7 38. Ng1 g5 39. Nf3 Kg6 40. fxg5 Bxg5 41. h4 Be3 42. Ne5+ Kf6 43. Nd3 Ne8 44. Kf3 Bh6 45. Nf4 Bxf4 46. Kxf4 Ng7 47. Be2 1/2-1/2

[Event "6th NTCC Final 2080"]
[Site "Lalitpur"]
[Date "2024.01.12"]
[Round "1.7"]
[White "Ghimire, Sabin Chandra"]
[Black "Kachhepati, Rajesh"]
[Result "1-0"]
[ECO "D02"]
[WhiteElo "1869"]
[BlackElo "1747"]
[Annotator "NA RC COMBH"]
[PlyCount "65"]
[EventDate "2024.01.03"]
[EventType "k.o."]
[EventCountry "NEP"]
[SourceTitle "playchess.com"]
[Source "ChessBase"]
[SourceQuality "1"]
[TimeControl "5400+30"]

1. Nf3 d5 2. g3 c6 3. Bg2 g6 4. O-O Bg7 5. d4 f5 6. c4 e6 7. b3 Nf6 8. Ba3 Ne4 9. Qc2 Nd7 10. e3 Kf7 11. Bb2 Re8 12. Nbd2 Kg8 13. Rad1 b6 14. Ne5 Bb7 15. Ndf3 Rc8 16. Nd3 Ba6 17. Nfe5 Ng5 18. h4 Nxe5 19. Nxe5 Bxe5 20. dxe5 Nf7 {[%emt 0:00:20] [#]} 21. e4 $1 fxe4 22. Bxe4 Qe7 $16 (22... Kg7 $142) 23. Bxg6 dxc4 24. Bxh7+ Kh8 25. bxc4 Bxc4 26. Qxc4 Kxh7 27. Qe4+ Kh8 28. Qg6 Rcd8 29. Rd6 c5 30. Re1 Rc8 31. Re4 Nd8 32. Rg4 Qf7 33. Qh6+ 1-0

[Event "6th NTCC Final 2080"]
[Site "Lalitpur"]
[Date "2024.01.12"]
[Round "1.8"]
[White "Silwal, Purushottam"]
[Black "Nepal, Prakash Chandra"]
[Result "1/2-1/2"]
[ECO "B40"]
[WhiteElo "1831"]
[BlackElo "1900"]
[Annotator "TA"]
[PlyCount "109"]
[EventDate "2024.01.03"]
[EventType "k.o."]
[EventCountry "NEP"]
[SourceTitle "playchess.com"]
[Source "ChessBase"]
[SourceQuality "1"]
[TimeControl "5400+30"]

1. e4 c5 2. Nf3 e6 3. b3 Nc6 4. Bb2 d5 5. Bb5 d4 6. c3 dxc3 7. Nxc3 Bd7 8. O-O {[%emt 0:00:56] Weiß steht etwas besser.} Nge7 9. Re1 Ng6 10. d4 (10. Bxc6 $1 $14 Bxc6 11. d4) 10... cxd4 (10... Nxd4 $11 {kam in Betracht.} 11. Nxd4 cxd4 12. Qxd4 Bxb5 13. Nxb5 a6) 11. Nxd4 (11. Bxc6 $1 $14 {war vorzuziehen.} Bxc6 12. Nxd4) 11... Nxd4 $11 12. Qxd4 a6 (12... Bxb5 $11 {bleibt in der Remisbreite.} 13. Nxb5 a6) 13. Bxd7+ $16 Qxd7 14. Qxd7+ Kxd7 15. Red1+ Ke8 16. Rac1 Rd8 17. Ne2 Rxd1+ {[%emt 0:00:21] Die Stellung ist ausgeglichen.} 18. Rxd1 f6 19. Nd4 Kf7 20. Kf1 Be7 21. Rc1 Bd6 {[%emt 0:00:09] Wehrt Rc7+ ab} 22. g3 Ne5 23. Ke2 Nd7 24. f4 Re8 25. Nf3 e5 26. f5 Nc5 27. Ke3 Rd8 28. Rd1 Be7 29. Rxd8 Bxd8 $11 {[%emt 0:00:01][%mdl 4096] Endspiel. KBN-KBN} 30. Ba3 Nd7 31. Kd3 Be7 32. Bxe7 Kxe7 {[%emt 0:00:09] KN-KN} 33. b4 b5 34. Nd2 Nb6 35. Nb3 Na4 36. g4 Kd6 37. h4 h6 38. Nd2 Nb2+ 39. Kc2 Na4 40. Nf3 Nb6 41. Nd2 Na4 42. Nf3 Nb6 43. g5 hxg5 44. hxg5 Nc4 45. gxf6 gxf6 46. Ng1 a5 47. Ne2 axb4 48. Ng3 $1 Na5 49. Nh5 Ke7 50. Ng7 $1 Nc4 51. Nh5 Na5 52. Ng3 Kd6 53. Nh5 Ke7 54. Ng3 Kf7 55. Nh5 {[%emt 0:00:30] Gewichteter Fehlerwert: Weiß=0.08 (makellos) /Schwarz=0.09 (makellos) .  Fehler:       	Weiß=2     	Schwarz=2     Ungenau:       	Weiß=3     	Schwarz=2     OK:         	Weiß=18    	Schwarz=20    Bester:       	---       	Schwarz=3     Stark:        	Weiß=2     	---} 1/2-1/2

[Event "6th NTCC Final 2080"]
[Site "Lalitpur"]
[Date "2024.01.13"]
[Round "2.1"]
[White "Jaiswal, Rupesh"]
[Black "Silwal, Purushottam"]
[Result "1-0"]
[ECO "B06"]
[WhiteElo "2009"]
[BlackElo "1831"]
[Annotator "RC"]
[PlyCount "155"]
[EventDate "2024.01.03"]
[EventType "k.o."]
[EventCountry "NEP"]
[SourceTitle "playchess.com"]
[Source "ChessBase"]
[SourceQuality "1"]
[TimeControl "5400+30"]

1. e4 c5 2. Nf3 g6 3. c3 d5 4. exd5 Qxd5 5. d4 Bg7 6. Na3 cxd4 7. Nb5 Na6 8. Nbxd4 Nf6 9. Bb5+ Bd7 10. Bxa6 bxa6 11. O-O O-O 12. Re1 Rfe8 13. Ne5 Bc8 14. Qe2 Bb7 15. Ndf3 Ne4 16. Ng4 h5 17. Ne3 Qc6 18. Nc4 Qc7 19. Be3 Rac8 20. Ncd2 Nd6 21. Rac1 Nf5 22. Nb3 e5 23. Red1 e4 24. Nfd4 Nxe3 25. fxe3 Be5 26. h3 Qe7 27. Qf2 Bb8 28. Ne2 Qe5 29. g3 Rc6 30. Rf1 Rf8 31. Nbd4 Rb6 32. b3 Qg5 33. c4 Be5 34. h4 Qg4 35. c5 Rf6 36. Qxf6 Bxf6 37. Rxf6 g5 38. hxg5 Qxg5 39. Rf4 h4 40. Kh2 hxg3+ 41. Nxg3 Rc8 42. Ngf5 Kf8 43. b4 Bd5 44. Rg1 Qf6 45. Rfg4 Ke8 46. Nd6+ Kd7 47. Nxc8 Kxc8 48. Rf4 Qe5 49. a4 Be6 50. Nxe6 Qxe6 51. Rgf1 Qa2+ 52. Kg3 Qe2 53. Rxf7 Qxe3+ 54. Kg4 Qe2+ 55. Kg5 Qd2+ 56. Kg6 Qg2+ 57. Kh7 e3 58. R1f6 Qe4+ 59. Kg7 Qg4+ 60. Kh7 Qe4+ 61. Kg7 Qg4+ 62. Kh7 Qh5+ 63. Kg8 Qg5+ 64. Kh7 Qh5+ 65. Kg7 Qg5+ 66. Kf8 e2 67. Rc6+ Kb8 68. Re6 Qd8+ 69. Kg7 Qd4+ 70. Kf8 Qh8+ 71. Ke7 Kc7 72. Rxe2 Qd8+ 73. Ke6+ Kc6 74. Rf6 Qd5+ 75. Ke7+ Kc7 76. Ree6 Qg5 77. Kf8 Qd5 78. Rf7+ 1-0

[Event "6th NTCC Final 2080"]
[Site "Lalitpur"]
[Date "2024.01.13"]
[Round "2.2"]
[White "Chokami, Bikram"]
[Black "Dahal, Sushrut"]
[Result "1/2-1/2"]
[ECO "B40"]
[WhiteElo "1808"]
[BlackElo "1895"]
[Annotator "NA RC COMBH"]
[PlyCount "154"]
[EventDate "2024.01.03"]
[EventType "k.o."]
[EventCountry "NEP"]
[SourceTitle "playchess.com"]
[Source "ChessBase"]
[SourceQuality "1"]
[TimeControl "5400+30"]

1. e4 c5 2. Nf3 e6 3. c4 Nc6 4. d3 d5 5. exd5 exd5 6. cxd5 Qxd5 7. Nc3 Qd8 8. Be2 Nf6 9. O-O Be7 10. Be3 O-O 11. d4 cxd4 12. Nxd4 Nxd4 13. Bxd4 Bd7 14. Bf3 Bc6 15. Bxc6 bxc6 16. Qa4 c5 17. Bxf6 Bxf6 18. Rac1 Re8 19. b3 Bd4 20. Qc4 Rc8 21. Na4 h6 22. g3 Qf6 23. Rc2 Qf5 24. Kg2 a5 25. Re2 Qd7 26. Rfe1 Rxe2 27. Rxe2 Qc6+ 28. f3 Qd6 29. Qb5 Qc7 (29... Qc6 $11 30. Qxc6 Rxc6) 30. Nb6 Qc6 31. Qxa5 Rb8 32. Na4 g5 33. h3 h5 34. Qd2 Bf6 35. Qe3 g4 36. hxg4 hxg4 37. Qe4 gxf3+ 38. Qxf3 Qxf3+ 39. Kxf3 c4 40. bxc4 Rb4 41. Nc5 Rxc4 42. Ne4 Be7 43. Kf4 Kg7 44. Ke5 Ra4 45. g4 Kg6 46. Kd5 Ra3 47. Kc6 Bf8 48. Kb5 Bg7 ({Black should play} 48... f6 $11) 49. Kb4 Bf8+ 50. Kc4 Ra4+ 51. Kb3 Ra3+ 52. Kb2 Ra4 53. Kb3 Ra3+ 54. Kc4 Ra4+ 55. Kd5 Ra5+ 56. Kd4 Ra4+ 57. Ke5 Ra5+ 58. Kf4 Bh6+ 59. Kg3 Ra3+ 60. Kg2 Ra4 61. Nf2 Ra3 62. Nh3 Bg5 63. Rc2 Bh4 64. Kh2 Bg3+ 65. Kg2 Bh4 66. Rc6+ f6 67. Nf4+ Kg5 68. Ne6+ Kxg4 69. Rc4+ Kf5 70. Ng7+ Kg6 71. Ne6 Rxa2+ 72. Kf3 Bg5 73. Kg4 Ra3 74. Nf8+ Kf7 75. Nh7 Ra7 76. Kh5 Kg7 77. Nxg5 $11 fxg5 1/2-1/2

[Event "6th NTCC Final 2080"]
[Site "Lalitpur"]
[Date "2024.01.13"]
[Round "2.3"]
[White "Shrestha, Muhan Narshing"]
[Black "Duwal, Swornim"]
[Result "1-0"]
[ECO "E04"]
[WhiteElo "1693"]
[BlackElo "1390"]
[Annotator "NA RC COMBH"]
[PlyCount "129"]
[EventDate "2024.01.03"]
[EventType "k.o."]
[EventCountry "NEP"]
[SourceTitle "playchess.com"]
[Source "ChessBase"]
[SourceQuality "1"]
[TimeControl "5400+30"]

1. d4 Nf6 2. Nf3 d5 3. c4 e6 4. g3 dxc4 5. Bg2 c5 6. O-O Nc6 7. Qa4 Bd7 8. Qxc4 cxd4 9. Nxd4 Rc8 10. Nc3 Nxd4 11. Qxd4 Bc5 12. Qd3 Bc6 13. Bxc6+ Rxc6 14. Qxd8+ Kxd8 15. Rd1+ Ke7 16. Bg5 Re8 17. Ne4 Bb6 18. Rac1 Rec8 19. Rc3 Rxc3 20. Nxc3 Rc4 21. Rd3 Bd4 22. Kg2 Bxc3 23. Rxc3 Rxc3 24. bxc3 Kd6 25. Bxf6 gxf6 26. Kf3 Kd5 27. Kg4 Kc4 28. Kh5 Kxc3 29. Kh6 b5 30. Kxh7 b4 31. Kg7 Kb2 32. h4 Kxa2 33. h5 b3 34. h6 b2 35. h7 b1=Q 36. h8=Q Qg6+ 37. Kf8 a5 38. Qh4 Kb3 39. Qf4 Qf5 40. Qe3+ Kb4 41. Qd4+ Kb5 42. Qd7+ Kc4 43. Qa4+ Kc3 44. g4 Qxf2 45. Qxa5+ Kc2 46. Kxf7 Qf4 47. Qa2+ Kd1 48. Qxe6 Kd2 49. e4 Ke3 50. Qf5 Qd6 51. Kg6 Qf8 52. Qxf6 Qe8+ 53. Kh6 Qxe4 54. g5 Qh4+ 55. Kg7 Qe4 56. g6 Qe8 57. Qf7 Qe5+ 58. Kf8 Qh8+ 59. Ke7 Qh4+ 60. Qf6 Qb4+ 61. Kf7 Kd3 62. Qf3+ Kc2 63. g7 Qc4+ 64. Kg6 Qg8 65. Qf7 1-0

[Event "6th NTCC Final 2080"]
[Site "Lalitpur"]
[Date "2024.01.13"]
[Round "2.4"]
[White "Shah, Abheek"]
[Black "Lohani, Sujana"]
[Result "0-1"]
[ECO "B06"]
[WhiteElo "1543"]
[BlackElo "1756"]
[Annotator "NA RC COMBH"]
[PlyCount "104"]
[EventDate "2024.01.03"]
[EventType "k.o."]
[EventCountry "NEP"]
[SourceTitle "playchess.com"]
[Source "ChessBase"]
[SourceQuality "1"]
[TimeControl "5400+30"]

1. e4 g6 2. d4 Bg7 3. Nc3 d6 4. Be3 c6 5. Qd2 Qa5 6. f3 Na6 7. Nge2 b5 8. Nc1 Rb8 9. Nb3 Qc7 10. a3 b4 11. axb4 Nxb4 12. Be2 Nf6 13. O-O O-O 14. Ra5 Nxc2 15. Qxc2 Rxb3 16. Rfa1 Qb8 17. R1a2 Rb7 18. Ba6 Rd7 19. Qa4 Bxa6 20. Rxa6 Rb7 21. Rxa7 Rxb2 22. Rxe7 c5 23. Ra7 Rb4 24. Qd1 Ng4 25. fxg4 cxd4 26. Ra8 Qxa8 27. Rxa8 Rxa8 28. Nd5 Rb2 29. Bg5 Rba2 30. h3 Ra1 31. Bc1 d3 32. Kf2 R8a2+ 33. Kf3 d2 34. Qxd2 Rxd2 35. Bxd2 Rf1+ 36. Ke2 Ra1 37. Kf3 Ra3+ 38. Be3 Be5 39. g5 Kf8 40. g4 Ke8 41. h4 Kd7 42. Ke2 Ke6 43. Nc7+ Kd7 44. Nd5 Ra2+ 45. Kf3 Rh2 46. Bf2 Rh3+ 47. Kg2 Ra3 48. Be3 Kc6 49. Kf2 Ra2+ 50. Kf3 Ra1 51. Bf2 Kb5 52. Bg3 Ra3+ 0-1

[Event "6th NTCC Final 2080"]
[Site "Lalitpur"]
[Date "2024.01.13"]
[Round "2.5"]
[White "Nepal, Prakash Chandra"]
[Black "Thapa, Krishna"]
[Result "0-1"]
[ECO "D78"]
[WhiteElo "1900"]
[BlackElo "1944"]
[Annotator "RC"]
[PlyCount "171"]
[EventDate "2024.01.03"]
[EventType "k.o."]
[EventCountry "NEP"]
[SourceTitle "playchess.com"]
[Source "ChessBase"]
[SourceQuality "1"]
[TimeControl "5400+30"]

1. d4 Nf6 2. Nf3 g6 3. b3 Bg7 4. Bb2 d5 5. g3 O-O 6. Bg2 c6 7. O-O a5 8. c4 Bg4 9. Ne5 Be6 10. Nd2 Nbd7 11. Nxd7 Qxd7 12. Re1 Rfd8 13. c5 Qc7 14. Rc1 Bh6 15. e3 Bg4 16. f3 Be6 17. a3 Qd7 18. Nb1 Qc7 19. Nc3 Nd7 20. Ra1 Bg7 21. b4 b6 22. Qd2 bxc5 23. bxc5 Rdb8 24. Na4 Ra7 25. Bc3 h5 26. Rab1 Rxb1 27. Rxb1 Bh6 28. Nb6 Bf5 29. Rb2 f6 30. Nxd7 Bxd7 31. Qd3 Kf7 32. e4 Bc1 33. Ra2 Be6 34. Ra1 Bh6 35. Rb1 h4 36. Kf2 h3 37. Bf1 Bc8 38. Rb6 Bf8 39. Qd2 e5 40. Bd3 Be6 41. Qc2 g5 42. exd5 Bxd5 43. Be4 Qd7 44. Bg6+ Kg7 45. Bf5 Be6 46. Bxe6 Qxe6 47. Qb3 Qd7 48. Qc4 exd4 49. Bxd4 Be7 50. Rb8 Bd8 51. Qc3 Qe7 52. Qe3 Qxe3+ 53. Bxe3 Rd7 54. Ke2 Bc7 55. Rb7 Kf7 56. f4 g4 57. Ra7 Ke6 58. Bd2 Bd8 59. Rxd7 Kxd7 60. Kd3 Ke6 61. Kc4 Kf5 62. Kd3 a4 63. Bc3 Be7 64. Kd4 Bf8 65. Ba5 Be7 66. Bb4 Ke6 67. Kc4 Bd8 68. Bc3 Bc7 69. Bd2 Bb8 70. Be3 Kf5 71. Kd3 Bc7 72. Bd2 Bd8 73. Bc3 Ke6 74. Kc4 f5 75. Kb4 Kd5 76. Kxa4 Kxc5 77. Kb3 Bc7 78. Bd2 Kd4 79. Kc2 Ke4 80. a4 Kf3 81. Kd3 Kg2 82. a5 Bxa5 83. Bxa5 Kxh2 84. Be1 Kg2 85. Ke2 h2 86. Kd3 0-1

[Event "6th NTCC Final 2080"]
[Site "Lalitpur"]
[Date "2024.01.13"]
[Round "2.6"]
[White "Das, Singhesor"]
[Black "Ghimire, Sabin Chandra"]
[Result "0-1"]
[ECO "C43"]
[WhiteElo "1873"]
[BlackElo "1869"]
[Annotator "NA RC COMBH"]
[PlyCount "114"]
[EventDate "2024.01.03"]
[EventType "k.o."]
[EventCountry "NEP"]
[SourceTitle "playchess.com"]
[Source "ChessBase"]
[SourceQuality "1"]
[TimeControl "5400+30"]

1. e4 e5 2. Nf3 Nf6 3. d4 Nxe4 4. Bd3 d5 5. dxe5 Nc5 6. h3 Be7 7. O-O Nxd3 8. Qxd3 O-O 9. Nc3 c6 10. Be3 Na6 11. a3 Nc5 12. Qd2 Ne6 13. Rad1 b6 14. Ne2 Ba6 15. Rfe1 Bxe2 16. Qxe2 Qc7 17. c4 dxc4 18. Qxc4 c5 19. Qe4 Rfd8 20. Nh2 Rxd1 21. Qxa8+ Qd8 22. Qxd8+ Rxd8 23. f4 Bh4 24. Re2 Rd1+ 25. Nf1 Bg3 26. f5 Nd4 27. Bxd4 cxd4 28. e6 fxe6 29. fxe6 Kf8 30. Rd2 Rxd2 31. Nxd2 Bf4 32. Nf3 Bc1 33. a4 Bxb2 34. Ne5 Ke7 35. Nc6+ Kxe6 36. Nxa7 Kd5 37. Kf2 d3 38. Ke3 Kc4 39. Kd2 Bc3+ 40. Kd1 Kb3 41. Nb5 Ba5 42. Nd4+ Kxa4 43. Ne6 Bc3 44. Nf4 d2 45. Nd5 Ba5 46. Kc2 Kb5 47. Nc7+ Kc4 48. Ne8 b5 49. Nd6+ Kc5 50. Nb7+ Kb6 51. Nd6 Bc3 52. Ne4 b4 53. Nf2 Kb5 54. g4 Kc4 55. h4 Kd4 56. g5 Ke3 57. Nd1+ Ke2 0-1

[Event "6th NTCC Final 2080"]
[Site "Lalitpur"]
[Date "2024.01.13"]
[Round "2.8"]
[White "Gautam, Anushna"]
[Black "Adhikari, Kritisara"]
[Result "1/2-1/2"]
[ECO "B06"]
[WhiteElo "1400"]
[BlackElo "1527"]
[Annotator "NA RC COMBH"]
[PlyCount "84"]
[EventDate "2024.01.03"]
[EventType "k.o."]
[EventCountry "NEP"]
[SourceTitle "playchess.com"]
[Source "ChessBase"]
[SourceQuality "1"]
[TimeControl "5400+30"]

1. e4 d6 2. d4 Nf6 3. Nc3 g6 4. Be3 c6 5. Qd2 b5 6. Bd3 Nbd7 7. f4 Bg7 8. Nf3 Qa5 9. h3 Nb6 10. b3 Rb8 11. e5 Nfd5 12. Nxd5 Qxd2+ 13. Bxd2 Nxd5 14. c4 bxc4 15. bxc4 Nb4 16. Bxb4 Rxb4 17. O-O O-O 18. Rab1 Ra4 19. Rb2 Be6 20. Rc1 Bh6 21. Ng5 Bxg5 22. fxg5 dxe5 23. dxe5 Rd8 24. Be4 c5 25. Rb5 Rd4 26. Bc6 Raxc4 27. Rxc4 Rxc4 28. Ra5 Rc1+ 29. Kf2 Rc2+ 30. Ke3 Rxa2 31. Rxc5 a5 32. Kd3 a4 33. Rc1 Bb3 34. Bf3 e6 35. Kd4 Rd2+ 36. Kc3 Rd7 37. Kb4 Rd4+ 38. Kc5 Rf4 39. Rc3 Rf5 40. Kd6 Rf4 41. Kc5 Rf5 42. Kd6 Rf4 1/2-1/2